 Dungeon Crawl Stone Soup version 0.29-a0-885-gb26ba3297d (webtiles) character file.

Game seed: 15677848945500887916

23 jimonade the Grave Robber (level 2, -1/20 HPs)
             Began as a Mummy Necromancer on July 21, 2022.
             Slain by a gnoll
             ... wielding a +0 flail
              (4 damage)
             ... on level 1 of the Dungeon.
             The game lasted 00:01:38 (1035 turns).

jimonade the Grave Robber (Mummy Necromancer)       Turns: 1035, Time: 00:01:39

Health: -1/20      AC:  2    Str: 11    XL:     2   Next: 72%
Magic:  1/6        EV: 12    Int: 14    God:
Gold:   34         SH:  0    Dex: 12    Spells: 6/7 levels left

rFire   x . .      SeeInvis .   (no weapon)
rCold   + . .      Faith    .   (no shield)
rNeg    + + +      Spirit   .   a - +0 robe
rPois   ∞          Reflect  .   (no helmet)
rElec   .          Harm     .   (no cloak)
rCorr   .          Rampage  .   (no gloves)
Will    .....                   (no boots)
Stlth   ++........              (no amulet)
HPRegen 0.06/turn               (no ring)
MPRegen 0.10/turn               (no ring)

@: no status effects
A: cold resistance 1, negative energy resistance 3, torment resistance 2, heat
vulnerability 1, no potions
a: no special abilities


You were on level 1 of the Dungeon.
You visited 1 branch of the dungeon, and saw 1 of its levels.

You collected 34 gold pieces.

Inventory:

Armour
 a - a +0 robe (worn)
 c - a +0 cloak
Scrolls
 b - a scroll of immolation {unknown}


   Skills:
 * Level 0.6 Fighting
 - Level 1.5 Dodging
 - Level 1.5 Stealth
 * Level 3.2 Spellcasting
 + Level 4.4 Necromancy


You had 6 spell levels left.
You knew the following spells:

 Your Spells              Type           Power      Damage    Failure   Level
a - Necrotise             Necr           56%        1d6       3%          1

Your spell library contained the following spells:

 Spells                   Type           Power      Damage    Failure   Level
 Vampiric Draining        Necr           14%        2d7       10%         3
 Animate Dead             Necr           14%        N/A       32%         4
 Portal Projectile        Hex/Tloc       4%         N/A       54%         3
 Tukima's Dance           Hex            2%         N/A       54%         3
 Agony                    Necr           14%        N/A       67%         5
 Blade Hands              Tmut           Unusable   N/A       N/A         5

Dungeon Overview and Level Annotations

Branches:
Dungeon (1/15)

Altars:


Innate Abilities, Weirdness & Mutations

You are immune to poison.
Your flesh is cold resistant. (rC+)
You are immune to negative energy. (rN+++)
You are immune to unholy pain and torment.
You are vulnerable to heat. (rF-)
You do not drink.


Message History

The rat writhes in agony.
You kill the rat!
The dead are walking!
Okay, then.
You swap places.
Your rat skeleton crumbles into dust!
A gnoll comes into view. It is wielding a +0 flail.
A gnoll is nearby!
You miscast Necrotise.
You are very lightly contaminated with residual magic.
Nothing appears to happen.
The gnoll writhes in agony.
The gnoll writhes in agony.
The gnoll writhes in agony.
The gnoll hits you with a +0 flail!
The gnoll writhes in agony.
The gnoll hits you with a +0 flail!
* * * LOW HITPOINT WARNING * * *
You are too injured to fight recklessly!
You are too injured to fight recklessly!
Unknown command.
You are too injured to fight recklessly!
Unknown command.
Aiming: Necrotise (safe; 3% risk of failure)
Press: ? - help, Q - select action Shift-Dir - straight line, f/p - gnoll
Aim: a gnoll, wielding a +0 flail (severely wounded, chance to affect: 78%)
The gnoll writhes in agony.
The gnoll barely misses you.
Your magical contamination has completely faded away.
You hit the gnoll but do no damage.
The gnoll is almost dead.
The gnoll barely misses you.
You hit the gnoll but do no damage.
The gnoll is almost dead.
The gnoll barely misses you.
You barely miss the gnoll.
The gnoll is almost dead.
The gnoll barely misses you.
You hit the gnoll but do no damage.
The gnoll is almost dead.
The gnoll hits you with a +0 flail.
You die...

##.#.#####.#.#####.#..........#
.#.#Z#...#.#.#...#.#.........##
...#.#.#...#.#.#...#..######.#
####.#.#####.#.#####.#######.####
..Z..#.......#.......#...........
######################.#####.####
#.....# #.# #.#### #g# #.# #.....
#@# #.# ###### #.# #.# #. #.# #.#
#. #.# #.#########.
#.#####.#.........
#.................
#################. #. ##


You could see a gnoll.

Vanquished Creatures
  An endoplasm (D:1)
  A giant cockroach (D:1)
  2 goblins (D:1)
  2 hobgoblins (D:1)
  A quokka (D:1)
  2 ball pythons (D:1)
  6 bats (D:1)
  A frilled lizard (D:1)
  3 kobolds (D:1)
  4 rats (D:1)
23 creatures vanquished.

Notes
Turn   | Place    | Note
-------+----------+-------------------------------------------
     0 | D:1      | jimonade the Mummy Necromancer began the quest for the Orb.
     0 | D:1      | Reached XP level 1. HP: 13/13 MP: 4/4
   258 | D:1      | Reached XP level 2. HP: 20/20 MP: 4/6
   701 | D:1      | Found a faded altar of an unknown god.
  1035 | D:1      | Slain by a gnoll

Illustrated notes

Levels and vault maps discovered:
D:1:      erik_arrival_blinker_ship, layout_loops_ring, basic_ecumenical_altar,
          hangedman_decor_growths, patterned_corridor

Skill      XL: |  1 |
---------------+----+-----
Spellcasting   | 3 |  3.2
Fighting       | |  0.6
Dodging        | |  1.5
Stealth        | |  1.5
Necromancy     | |  4.4

Action                   || total
-------------------------++-------
Melee: Unarmed           ||     4
 Cast: Necrotise         ||    37
Armor: Robe              ||     3
Dodge: Dodged            ||    14

Table legend: (Time is in decaauts)
 A = Elapsed time spent in this place.
 B = Non-inter-level travel time spent in this place.
 C = Inter-level travel time spent in this place.
 D = Time resting spent in this place.
 E = Time spent auto-exploring this place.
 F = Levels seen in this place.
 G = Mean time per level.
                   A        B        C        D        E       F      G
               +--------+--------+--------+--------+--------+-----+--------+
         Total |   1035 |   1035 |      0 |      0 |    912 |   1 | 1035.0 |
       Dungeon |   1035 |   1035 |      0 |      0 |    912 |   1 | 1035.0 |
               +--------+--------+--------+--------+--------+-----+--------+

Top non-repeatable levels by time:
     D:1: 1035 daAuts
